 Dungeon Crawl Stone Soup version 0.27-a0-1200-g94dc6ad4cf (webtiles) character file.

Game seed: 3614694175896870953

83845 porpoise the Thaumaturge (level 15, 0/86 HPs)
             Began as a Deep Elf Conjurer on May 31, 2021.
             Was a High Priest of Sif Muna.
             Slain by a death knight
             ... wielding a +0 broad axe
              (24 damage)
             ... on level 13 of the Dungeon.
             The game lasted 02:37:26 (34030 turns).

porpoise the Thaumaturge (Deep Elf Conjurer)       Turns: 34030, Time: 02:37:33

Health: 0/86       AC: 13    Str:  9    XL:     15   Next: 33%
Magic:  18/33      EV: 17    Int: 27    God:    Sif Muna [*****.]
Gold:   1775       SH:  5    Dex: 13    Spells: 2/38 levels left

rFire    + . .     SeeInvis .   a - +0 hunting sling
rCold    + . .     Faith    .   k - +0 buckler "Itzut" {rPois Str+2}
rNeg     . . .     Spirit   .   G - +2 robe {rC+ rF+}
rPois    +         Reflect  .   I - +0 helmet
rElec    .         Harm     .   E - +2 cloak {Will+}
rCorr    .         Rampage  .   p - +0 pair of gloves
Will     +++..                  q - +2 pair of boots {Fly}
Stlth    +++.......             (no amulet)
HPRegen  0.24/turn              U - ring of willpower
MPRegen  0.23/turn              o - +4 ring of slaying

@: flying
A: no striking features
a: Renounce Religion, Channel Magic, Forget Spell, Divine Exegesis


You were on level 13 of the Dungeon.
You worshipped Sif Muna.
Sif Muna was extremely pleased with you.
You visited 3 branches of the dungeon, and saw 22 of its levels.
You also visited: Bailey.

You collected 2804 gold pieces.
You spent 1029 gold pieces at shops.

Inventory:

Hand Weapons
 a - a +0 hunting sling (weapon)
 b - a +1 whip of electrocution
 v - the +5 sword of Power {vorpal}
   (You found it on level 13 of the Dungeon)

   It inflicts extra damage upon your enemies.
Missiles
 c - 2 curare-tipped darts (quivered)
 f - 344 arrows
 h - 7 poisoned darts
 j - 20 bolts
 m - 95 sling bullets (quivered ammo)
 H - 8 boomerangs
Armour
 i - a scarf of repulsion
 k - the +0 buckler "Itzut" (worn) {rPois Str+2}
   (You bought it in a shop on level 13 of the Dungeon)

   It affects your strength (+2).
   It protects you from poison.
 p - a +0 pair of gloves (worn)
 q - a +2 pair of boots of flying (worn)
 E - a +2 cloak of willpower (worn)
 G - a +2 robe of resistance (worn)
 I - a +0 helmet (worn)
 S - a +1 buckler of protection
Magical Staves
 w - a staff of conjuration
Jewellery
 o - a +4 ring of slaying (right hand)
 L - the ring of Kaotinup {rCorr Dex+2 SInv}
   (You acquired it in a bailey)

   [ring of resist corrosion]

   It affects your dexterity (+2).
   It lets you see invisible.
   It protects you from acid and corrosion.
 T - the ring "Safub" {Ice rPois Dex+3}
   (You found it on level 6 of the Lair of Beasts)

   [ring of ice]

   It enhances your ice magic.
   It affects your dexterity (+3).
   It makes you vulnerable to fire.
   It protects you from cold.
   It protects you from poison.
 U - a ring of willpower (left hand)
 Y - a ring of flight
Wands
 r - a wand of mindburst (14)
 t - a wand of flame (28)
 u - a wand of iceblast (12)
 y - a wand of polymorph (30)
 B - a wand of paralysis (11)
 J - a wand of acid (13)
 W - a wand of digging (6)
Scrolls
 g - a scroll of silence
 l - 7 scrolls of teleportation
 n - 2 scrolls of fear
 A - a scroll of torment
 F - 3 scrolls of vulnerability
 K - a scroll of holy word
 N - 2 scrolls of fog
 Q - 4 scrolls of blinking
 Z - 15 scrolls of identify
Potions
 d - a potion of magic
 e - 4 potions of lignification
 s - 2 potions of attraction
 x - 3 potions of ambrosia
 z - 3 potions of curing
 D - a potion of brilliance
 P - 2 potions of might
 R - a potion of heal wounds
Miscellaneous
 C - a phial of floods


   Skills:
 - Level 7.0 Fighting
 - Level 5.0 Armour
 + Level 11.3 Dodging
 - Level 7.0 Stealth
 - Level 7.0 Shields
 - Level 12.0 Spellcasting
 - Level 9.0 Conjurations
 - Level 9.0 Hexes
 - Level 5.0 Summonings
 - Level 9.0 Translocations
 - Level 5.0 Transmutations
 - Level 7.0 Air Magic
 - Level 5.0 Earth Magic
 + Level 6.8 Poison Magic
 - Level 9.0 Invocations
 - Level 7.0 Evocations


You had 2 spell levels left.
You knew the following spells:

 Your Spells              Type           Power      Damage    Failure   Level
b - Searing Ray           Conj           100%       3d7       1%          2
c - Iskenderun's Mystic   Conj/Tloc      59%        2d12      1%          4
d - Fulminant Prism       Conj/Hex       29%        3d14      1%          4
i - Irradiate             Conj/Tmut      26%        3d22      5%          5
l - Summon Lightning Spi  Summ/Air       48%        N/A       3%          4
o - Olgreb's Toxic Radia  Pois           52%        N/A       2%          4
r - Airstrike             Air            26%        N/A       1%          4
s - Stone Arrow           Conj/Erth      100%       3d13      1%          3
t - Confusing Touch       Hex            59%        N/A       1%          3
w - Swiftness             Air            52%        N/A       1%          3

Your spell library contained the following spells:

 Spells                   Type           Power      Damage    Failure   Level
 Corona                   Hex            65%        N/A       1%          1
 Foxfire                  Conj/Fire      100%       2x1d9     1%          1
 Magic Dart               Conj           100%       1d8       1%          1
 Shock                    Conj/Air       100%       1d9       1%          1
 Sting                    Tmut/Pois      100%       1d8       1%          1
 Corpse Rot               Necr/Air       N/A        N/A       1%          2
 Ensorcelled Hibernation  Hex/Ice        80%        N/A       1%          2
 Poisonous Vapours        Pois/Air       100%       N/A       1%          2
 Slow                     Hex            59%        N/A       1%          2
 Static Discharge         Conj/Air       56%        N/A       1%          2
 Animate Skeleton         Necr           32%        N/A       3%          1
 Pain                     Necr           64%        1d7       3%          1
 Dazzling Flash           Conj/Hex       100%       N/A       1%          3
 Gell's Gravitas          Tloc           29%        N/A       1%          3
 Ignite Poison            Fire/Tmut/Pois 37%        N/A       1%          3
 Inner Flame              Hex/Fire       40%        N/A       1%          3
 Mephitic Cloud           Conj/Pois/Air  55%        N/A       1%          3
 Portal Projectile        Hex/Tloc       100%       N/A       1%          3
 Summon Guardian Golem    Hex/Summ       52%        N/A       1%          3
 Tukima's Dance           Hex            59%        N/A       1%          3
 Cause Fear               Hex            29%        N/A       1%          4
 Leda's Liquefaction      Hex/Erth       26%        N/A       1%          4
 Lightning Bolt           Conj/Air       28%        1d44      3%          5
 Petrify                  Tmut/Erth      43%        N/A       4%          4
 Sticky Flame             Conj/Fire      40%        2d6       5%          4
 Summon Mana Viper        Hex/Summ       52%        N/A       5%          5
 Yara's Violent Unravell  Hex/Tmut       26%        3d11      5%          5
 Vampiric Draining        Necr           8%         2d7       11%         3
 Invisibility             Hex            59%        N/A       13%         6
 Metabolic Englaciation   Hex/Ice        20%        N/A       16%         5
 Conjure Ball Lightning   Conj/Air       28%        3x3d8     21%         6
 Animate Dead             Necr           8%         N/A       34%         4
 Orb of Destruction       Conj           29%        9d11      58%         7
 Agony                    Necr           16%        N/A       67%         5
 Spellforged Servitor     Conj/Summ      26%        N/A       86%         7
 Death Channel            Necr           8%         N/A       99%         6
 Haunt                    Necr/Summ      14%        N/A       100%        7
 Dragon's Call            Summ           21%        N/A       100%        9


Dungeon Overview and Level Annotations

Branches:
Dungeon (15/15)            Temple (1/1) D:5            Lair (6/6) D:8
 Shoals (0/4) Lair:3        Snake (0/4) Lair:4        Slime (0/5) Lair:5
    Orc (0/2) D:10         Vaults (0/5) D:14         Depths (0/5) D:15
 Bailey (visited)

Altars:
Ashenzari
Cheibriados
Dithmenos
Elyvilon
Fedhas
Gozag
Hepliaklqana
Kikubaaqudgha
Makhleb
Nemelex Xobeh
Okawaru
Qazlal
Ru
Sif Muna
Trog
Uskayaw
Vehumet
Wu Jian
Xom
Yredelemnul
Zin
The Shining One
Jiyva

Shops:
D:3 [   D:9 (   D:10 ([   D:11 *   D:13 [:([

Annotations:
D:12 unexplored
Lair:2 exclusion: ice statue
Lair:5 1 runed translucent door


Message History

Press: ? - help, Dir - move target You conjure a prism of explosive energy!
A fulminant prism comes into view.
The death knight hits you with a +0 broad axe.
Casting: Fulminant Prism (mildly dangerous; 1% risk of failure)
Confirm with . or Enter, or press ? or * to list all spells.
Aiming: Searing Ray (safe; 1% risk of failure)
Press: ? - help, Shift-Dir - straight line The searing ray misses the death knight.
The searing ray hits the freezing wraith!
The freezing wraith is heavily damaged. (Press . to maintain the ray.)
You block the death knight's attack.
Your fulminant prism crackles loudly.
The searing ray hits the death knight!
The death knight is moderately wounded.
The searing ray hits the freezing wraith.
The freezing wraith is severely damaged.
The death knight reflects your damage back at you!
You feel yourself speed up. The death knight barely misses you.
Your fulminant prism explodes!
The blast of energy engulfs the freezing wraith!!
You destroy the freezing wraith!
Sif Muna accepts your kill.
The blast of energy engulfs the death knight!
The death knight is heavily wounded.
The death knight reflects your damage back at you!
The death knight completely misses you.
The searing ray hits the death knight.
The death knight is severely wounded.
The death knight reflects your damage back at you!
The death knight hits you with a +0 broad axe!!
The searing ray hits the death knight!
The death knight is severely wounded.
You finish channeling your searing ray.
The death knight reflects your damage back at you!
* * * LOW HITPOINT WARNING * * *
The death knight hits you with a +0 broad axe!!
You die...

..........# ..........#
♣.......).#############
........)))......>....#
∩♣........#######)#.###
..........##..[))...####
♣..<########.###.#..##.###
##### #.# #p#.......# #
######.###@#..#..### #
#................# #
#......###.#..#..# #
#......# #.##....#
#......# #.##...##
#......# #.####.# #......#
#.##...# #......# #.######
#......# #.#


You could see a death knight (reflects damage).

Vanquished Creatures
  Rupert (D:14)
  An orc warlord (Bailey)
  An ettin (D:13)
  Fannar (D:10)
  4 catoblepae
  3 hydras
  7 vault guards
  2 boulder beetles (D:14)
  4 centaur warriors
  4 two-headed ogres
  2 tengu warriors (D:14)
  2 deep troll earth magi (D:13)
  A death knight (D:12)
  13 death yaks
  5 deep elf pyromancers
  A lindwurm (Lair:1)
  Pikel (D:4)
  2 manticores (Lair:6)
  3 cyclopes
  An ugly thing (D:12)
  7 black mambas
  6 elephants
  2 centaur zombies
  An eye of devastation (shapeshifter) (D:13)
  15 cane toads
  A torpor snail (Lair:6)
  2 gargoyles
  An unseen horror (D:12)
  10 komodo dragons
  14 rime drakes
  Maggie (D:7)
  A freezing wraith (D:13)
  3 kobold demonologists (D:10)
  2 trolls
  8 polar bears
  3 meliai (D:14)
  Grinder (D:4)
  A hornet (shapeshifter) (D:14)
  Prince Ribbit (D:7)
  4 slime creatures (D:14)
  9 dream sheep
  11 blink frogs
  A wraith (D:11)
  5 wyverns
  2 basilisks
  A steam dragon (Lair:4)
  36 yaks
  10 vampire mosquitoes
  2 wargs (D:8)
  28 water moccasins
  3 acid dragons
  Duvessa (D:7)
  12 orc warriors
  2 sky beasts
  A necrophage (D:6)
  A hornet zombie (D:8)
  4 ice beasts (Lair:2)
  2 black bears
  18 wolves (Lair:5)
  An ogre (D:7)
  23 centaurs
  A phantom (D:2)
  4 kobold brigands
  10 bullfrogs
  2 gnoll sergeants
  Dowan (D:7)
  9 killer bees
  10 wights
  6 electric eels
  3 howler monkeys
  A bullfrog zombie (D:5)
  Crazy Yiuf (D:6)
  A gnoll shaman (D:7)
  A hound (D:6)
  2 jellies (D:6)
  8 orc priests
  An iguana (D:3)
  5 orc wizards
  A hell rat (Lair:3)
  2 killer bee zombies
  A hound skeleton (D:5)
  A howler monkey skeleton (D:7)
  17 gnolls
  8 adders
  2 white imps (Lair:2)
  An ufetubus (D:7)
  2 dart slugs (D:1)
  44 orcs
  4 endoplasms
  3 giant cockroaches
  10 goblins
  5 hobgoblins
  17 jackals
  39 kobolds
  2 quokkas
  7 ball pythons
  7 bats
  4 frilled lizards
  A rat (D:2)
  2 butterflies (Lair:1)
562 creatures vanquished.

Vanquished Creatures (collateral kills)
  A tengu reaver (D:13)
  2 vault guards (D:13)
  Nergalle (D:12)
  A cane toad (Lair:5)
  2 slime creatures (D:13)
  An acid dragon (D:13)
  A wolf (Lair:5)
9 creatures vanquished.

Vanquished Creatures (others)
  68 fulminant prisms
  30 fungi
  92 plants
190 creatures vanquished.

Grand Total: 761 creatures vanquished

Notes
Turn   | Place    | Note
-------+----------+-------------------------------------------
     0 | D:1      | porpoise the Deep Elf Conjurer began the quest for the Orb.
     0 | D:1      | Reached XP level 1. HP: 10/10 MP: 6/6
   308 | D:1      | You fall into a shaft and drop 1 floor!
   334 | D:2      | Reached XP level 2. HP: 15/15 MP: 2/8
   388 | D:2      | Learned a level 2 spell: Searing Ray
   873 | D:1      | Reached skill level 4 in Spellcasting
   956 | D:1      | Reached XP level 3. HP: 19/19 MP: 6/10
  1019 | D:1      | Reached skill level 5 in Conjurations
  1103 | D:1      | Found a faded altar of an unknown god.
  1793 | D:2      | Reached XP level 4. HP: 24/24 MP: 8/12
  2307 | D:3      | Noticed a phantom
  2318 | D:2      | Killed a phantom
  2319 | D:2      | Reached skill level 5 in Spellcasting
  2319 | D:2      | Reached XP level 5. HP: 14/28 MP: 1/14
  2621 | D:3      | Found Caihob's Armour Shop.
  2840 | D:3      | Reached skill level 1 in Fighting
  3020 | D:3      | Found a glowing silver altar of Zin.
  3020 | D:3      | Found a burning altar of Makhleb.
  3022 | D:3      | Noticed a green death
  3022 | D:3      | Noticed an angel
  3245 | D:4      | Reached XP level 6. HP: 35/35 MP: 10/15
  3292 | D:4      | Learned a level 4 spell: Iskenderun's Mystic Blast
  3297 | D:4      | Learned a level 4 spell: Fulminant Prism
  3301 | D:4      | Learned a level 3 spell: Confusing Touch
  3339 | D:4      | Noticed Grinder
  3346 | D:4      | Killed Grinder
  3347 | D:4      | Reached XP level 7. HP: 35/41 MP: 7/16
  3712 | D:4      | Noticed Pikel
  3717 | D:4      | Killed Pikel
  3718 | D:4      | Reached XP level 8. HP: 48/48 MP: 9/17
  3956 | D:4      | Reached skill level 5 in Translocations
  4736 | D:5      | Entered Level 5 of the Dungeon
  4974 | D:5      | Reached skill level 1 in Hexes
  5054 | D:5      | Found a staircase to the Ecumenical Temple.
  5063 | D:5      | Reached skill level 5 in Fighting
  5128 | Temple   | Entered the Ecumenical Temple
  5155 | Temple   | Became a worshipper of Sif Muna the Loreminder
  6243 | D:6      | Reached skill level 5 in Dodging
  6243 | D:6      | Reached skill level 5 in Hexes
  6299 | D:6      | Reached skill level 1 in Invocations
  6374 | D:6      | Found a sacrificial altar of Ru.
  6580 | D:6      | Reached XP level 9. HP: 32/54 MP: 9/18
  6902 | D:6      | Found a runed translucent door.
  6903 | D:6      | Noticed Crazy Yiuf
  7053 | D:6      | Killed Crazy Yiuf
  7263 | D:7      | Reached * piety under Sif Muna
  7383 | D:7      | Noticed Duvessa
  7383 | D:7      | Noticed Dowan
  7392 | D:7      | Killed Duvessa
  7394 | D:7      | Killed Dowan
  7531 | D:7      | Noticed Prince Ribbit
  7538 | D:7      | Killed Prince Ribbit
  7722 | D:7      | Noticed a troll
  7726 | D:7      | Killed a troll
  7727 | D:7      | Reached skill level 5 in Invocations
  7730 | D:7      | Reached skill level 1 in Evocations
  7789 | D:7      | Noticed Maggie
  7801 | D:7      | Killed Maggie
  7802 | D:7      | Reached skill level 6 in Spellcasting
  8491 | D:7      | Reached skill level 7 in Spellcasting
  9483 | D:8      | Reached ** piety under Sif Muna
  9923 | D:8      | Reached skill level 5 in Evocations
  9923 | D:8      | Reached XP level 10. HP: 59/59 MP: 18/22
 10294 | D:8      | Reached skill level 8 in Spellcasting
 10554 | D:8      | Found a staircase to the Lair.
 10571 | D:8      | Reached skill level 5 in Stealth
 10656 | D:8      | Reached skill level 1 in Armour
 10961 | D:8      | Reached skill level 9 in Spellcasting
 11012 | D:8      | Learned a level 3 spell: Swiftness
 11017 | D:8      | Learned a level 4 spell: Airstrike
 11456 | D:8      | Found a hazy altar of Hepliaklqana.
 11790 | D:9      | Found Jiupsoargh's Antique Weapon Emporium.
 12002 | D:9      | Noticed a two-headed ogre
 12009 | D:9      | Killed a two-headed ogre
 12270 | D:10     | Entered Level 10 of the Dungeon
 12370 | D:10     | Reached skill level 1 in Air Magic
 12421 | D:10     | Found a flagged portal.
 12444 | Bailey   | Entered a bailey
 12490 | Bailey   | Noticed an orc warlord
 12632 | Bailey   | Reached XP level 11. HP: 48/63 MP: 11/26
 12698 | Bailey   | Found a runed translucent gate.
 12700 | Bailey   | Found a runed translucent gate.
 12702 | Bailey   | Found a runed translucent gate.
 12710 | Bailey   | Reached *** piety under Sif Muna
 13001 | Bailey   | Killed an orc warlord
 13002 | Bailey   | Reached skill level 5 in Armour
 13094 | Bailey   | Identified 2 scrolls of acquirement
 13094 | Bailey   | Acquired a +1 buckler of protection
 13166 | Bailey   | Acquired a staff of conjuration
 13168 | Bailey   | Acquired the ring of Kaotinup {rCorr Dex+2 SInv}
 13339 | D:10     | Found a staircase to the Orcish Mines.
 13339 | D:10     | Found Larafuefass's Armour Boutique.
 13339 | D:10     | Found Byasacla's Weapon Boutique.
 13606 | D:10     | Reached skill level 1 in Shields
 14230 | D:10     | Reached skill level 5 in Air Magic
 14237 | D:10     | Reached **** piety under Sif Muna
 14420 | D:10     | Found a blossoming altar of Fedhas.
 14420 | D:10     | Found an ornate altar of the Wu Jian Council.
 14485 | D:10     | Noticed Fannar
 14498 | D:10     | Killed Fannar
 14904 | D:11     | Found Neuntey's Needful Niceties.
 14984 | D:11     | Found an opulent altar of Gozag.
 15934 | D:12     | Noticed a death knight
 15940 | D:12     | Killed a death knight
 15948 | D:12     | Noticed Nergalle
 16151 | Lair:1   | Entered Level 1 of the Lair of Beasts
 16166 | Lair:1   | Reached XP level 12. HP: 60/68 MP: 13/27
 16565 | Lair:1   | Identified the +6 war axe of Blind Justice {venom, rCorr
                  | Dex+5}
 17385 | Lair:1   | Noticed a four-headed hydra
 17390 | Lair:1   | Killed a four-headed hydra
 19128 | Lair:3   | Noticed a six-headed hydra
 19136 | Lair:3   | Killed a six-headed hydra
 19137 | Lair:3   | Reached skill level 5 in Shields
 20494 | Lair:3   | Reached XP level 13. HP: 72/72 MP: 15/28
 20763 | Lair:3   | Identified the +5 dagger "Ashron" {freeze, +Rage MP-9
                  | Str+2}
 20796 | Lair:3   | Reached ***** piety under Sif Muna
 20821 | Lair:3   | Reached skill level 10 in Spellcasting
 20941 | Lair:3   | Found a staircase to the Shoals.
 21489 | Lair:4   | Found a staircase to the Snake Pit.
 21995 | D:3      | Bought a +2 pair of boots of flying for 215 gold pieces
 22778 | Lair:5   | Acquired 1078 gold pieces
 22792 | Lair:5   | Identified Sif Muna's Guide on the Creative Snowflakes (Sif
                  | Muna gifted it to you on level 5 of the Lair of Beasts)
 22792 | Lair:5   | Received a gift from Sif Muna
 22899 | Lair:5   | Learned a level 4 spell: Summon Lightning Spire
 22980 | Lair:5   | Reached skill level 1 in Summonings
 23593 | Lair:5   | Found a runed translucent door.
 23594 | Lair:5   | Found a viscous altar of Jiyva.
 23595 | Lair:5   | Found a staircase to the Slime Pits.
 23881 | Lair:5   | Identified the +0 cloak of the Great Game {Harm Dex+2}
 24057 | Lair:5   | Reached skill level 5 in Summonings
 24564 | Lair:6   | Entered Level 6 of the Lair of Beasts
 24574 | Lair:5   | Reached skill level 11 in Spellcasting
 25621 | Lair:5   | Reached XP level 14. HP: 62/82 MP: 22/31
 26050 | Lair:6   | Reached skill level 12 in Spellcasting
 26056 | Lair:6   | Identified Sif Muna's Handbook of Excruciating Evil Magic
                  | (Sif Muna gifted it to you on level 6 of the Lair of
                  | Beasts)
 26056 | Lair:6   | Received a gift from Sif Muna
 26104 | Lair:6   | Learned a level 3 spell: Stone Arrow
 26110 | Lair:6   | Learned a level 5 spell: Irradiate
 26501 | Lair:6   | Reached skill level 1 in Earth Magic
 27497 | Lair:6   | Identified the ring "Safub" {Ice rPois Dex+3}
 27550 | Lair:6   | Reached skill level 5 in Earth Magic
 27695 | Lair:6   | Reached skill level 1 in Transmutations
 28723 | D:12     | Killed Nergalle
 29735 | D:13     | Found Dyorheo's Antique Armour Emporium.
 29746 | D:13     | Bought a glimmering buckler for 294 gold pieces
 29746 | D:13     | Identified the +0 buckler "Itzut" {rPois Str+2} (You bought
                  | it in a shop on level 13 of the Dungeon)
 29893 | D:13     | Found Suac's Weapon Emporium.
 29902 | D:13     | You are sucked into a shaft and drop 2 floors!
 29902 | D:15     | Entered Level 15 of the Dungeon
 30289 | D:13     | Found Gearimun's Book Boutique.
 30297 | D:13     | Found Cog Imuf's Armour Boutique.
 30298 | D:13     | Bought a Young Poisoner's Handbook for 520 gold pieces
 30303 | D:13     | Learned a level 4 spell: Olgreb's Toxic Radiance
 30317 | D:13     | Reached skill level 5 in Transmutations
 30355 | D:13     | Reached skill level 1 in Poison Magic
 30836 | D:13     | Noticed a tengu reaver
 30842 | D:13     | Killed a tengu reaver
 30883 | D:13     | Reached XP level 15. HP: 28/86 MP: 11/33
 31052 | D:13     | Reached skill level 10 in Dodging
 31186 | D:13     | Identified Zecarapti's Reference Book on Enchanting Evil
                  | (Sif Muna gifted it to you on level 13 of the Dungeon)
 31186 | D:13     | Received a gift from Sif Muna
 31497 | D:13     | Reached skill level 5 in Poison Magic
 31706 | D:13     | Found the +5 sword of Power {vorpal}
 32057 | D:14     | Noticed Rupert
 32066 | D:14     | Killed Rupert
 32390 | D:14     | Found a gate to the Vaults.
 34030 | D:13     | Slain by a death knight

Illustrated notes

Levels and vault maps discovered:
D:1:      lemuel_arrival_behind_the_door_small, layout_loops_corners,
          hellmonk_ecumenical_altar_heavens_door
D:2:      layout_rooms, minmay_fractal_squares_5
D:3:      layout_rooms, grunt_temple_overflow_order_and_chaos_2, serial_shops,
          shop, kennysheep_generic_room_15
D:4:      layout_basic, uniq_grinder, uniq_pikel
D:5:      layout_loops_ring, minmay_temple_entry_tees, minmay_stone_trees_small
D:6:      layout_loops_cross, nicolae_overflow_hidden_temple,
          uniq_crazy_yiuf_cottage
D:7:      layout_loops_corners, kennysheep_boxes, uniq_duvessa, uniq_maggie,
          uniq_prince_ribbit1
D:8:      minmay_inner_zag, layout_basic, general_overflow_altar,
          erik_lair_orcish_takeover
D:9:      layout_roguey, serial_shops, shop, minmay_crystal_room
D:10:     layout_roguey, gammafunk_temple_overflow_statue, orc_david_3,
          enter_bailey_3, uniq_fannar
D:11:     layout_loops_ring, nicolae_alphabet_shops, grunt_gozag_breadcrumbs
D:12:     layout_rooms, uniq_nergalle
D:13:     minmay_guarded_unrand_sword_of_power, layout_basic, serial_shops,
          nicolae_shop_crystal, nicolae_shop_trees, nicolae_shop_trees,
          nicolae_shop_waterfront
D:14:     layout_roguey [special_room_orc], david_vaults_5,
          kennysheep_nondescript, kennysheep_generic_room_10, uniq_rupert
D:15:     grunt_enter_depths_snipers, layout_irregular_city,
          serial_park_fountain, enter_trove_6, nicolae_hepliaklqana_hazy_memory,
          uniq_jorgrun
Temple:   kb_temple_of_zot
Lair:1:   layout_chaotic_city, beast_lair_carwin_8, grunt_megastairs_2,
          lemuel_fruit_fields, lemuel_fruit_fields, serial_bayou_shore_b,
          serial_bayou_shore_b
Lair:2:   layout_regular_city, chequers_serial_rivers_room_a, ice2_lemuel
Lair:3:   nzn_winding_woodlands_cross [nzn_winding_woodlands_5x15_sidewinder,
          nzn_winding_woodlands_5x15_pathside_ponds,
          nzn_winding_woodlands_5x15_sawtooth,
          nzn_winding_woodlands_5x15_river_crossing,
          nzn_winding_woodlands_15x15_killbox], layout_regular_city,
          minmay_shoals_entry_centaurs
Lair:4:   layout_loops_ring, dummy_snake_entry
Lair:5:   layout_cave_pods, slime_altar_2, minmay_lair_drake_nest
Lair:6:   evilmike_catoblepas_cave, layout_cave_pods, lemuel_fruit_tree

Skill      XL: |  1  2  3  4  5  6  7  8  9 10 11 12 13 14 15 |
---------------+----------------------------------------------+-----
Spellcasting   | 4 5 7 9 11 12 | 12.0
Conjurations   | 5 6 7 9 |  9.0
Fighting       | 1 3 4 5 7 |  7.0
Translocations | 2 4 5 7 8 9 |  9.0
Hexes          | 5 9 |  9.0
Dodging        | 5 7 9 11 | 11.3
Invocations    | 2 5 7 9 |  9.0
Evocations     | 5 7 |  7.0
Stealth        | 5 7 |  7.0
Armour         | 4 5 |  5.0
Air Magic      | 1 7 |  7.0
Shields        | 4 6 7 |  7.0
Summonings     | 5 |  5.0
Earth Magic    | 5 |  5.0
Transmutations | 5 |  5.0
Poison Magic   | 4 6 |  6.8

Action                   |  1- 3 |  4- 6 |  7- 9 | 10-12 | 13-15 || total
-------------------------+-------+-------+-------+-------+-------++-------
Melee: Whip              |       |       |       |     8 |    13 ||    21
 Fire: Hunting sling     |       |       |    59 |   156 |   116 ||   331
Throw: Dart              |       |       |     5 |     3 |    14 ||    22
 Cast: Magic Dart        |    44 |    48 |     5 |     2 |     3 ||   102
       Searing Ray       |     7 |    11 |    66 |   154 |   138 ||   376
       Iskenderun's Myst |       |       |     4 |    36 |    89 ||   129
       Fulminant Prism   |       |       |       |    10 |    58 ||    68
       Swiftness         |       |       |       |     1 |       ||     1
       Summon Lightning  |       |       |       |       |    15 ||    15
       Confusing Touch   |       |       |       |       |     2 ||     2
       Stone Arrow       |       |       |       |       |    31 ||    31
       Airstrike         |       |       |       |       |    15 ||    15
       Irradiate         |       |       |       |       |    12 ||    12
Evoke: Wand              |       |       |     8 |     2 |    23 ||    33
  Use: Scroll            |       |     3 |    11 |     8 |    14 ||    36
       Potion            |       |       |     3 |     4 |     9 ||    16
Armor: Robe              |     1 |     4 |     5 |    79 |    88 ||   177
Dodge: Dodged            |     2 |    20 |    26 |   126 |   168 ||   342
Block: Buckler           |       |       |       |    22 |    77 ||    99

Table legend: (Time is in decaauts)
 A = Elapsed time spent in this place.
 B = Non-inter-level travel time spent in this place.
 C = Inter-level travel time spent in this place.
 D = Time resting spent in this place.
 E = Time spent auto-exploring this place.
 F = Levels seen in this place.
 G = Mean time per level.
                   A        B        C        D        E       F      G
               +--------+--------+--------+--------+--------+-----+--------+
         Total |  34159 |  32663 |   1496 |  15995 |  12207 |  23 | 1485.2 |
       Dungeon |  21458 |  20375 |   1083 |   9922 |   7844 |  15 | 1430.5 |
        Temple |    108 |     92 |     16 |      0 |     88 |   1 |  108.0 |
          Lair |  11854 |  11457 |    397 |   5827 |   4271 |   6 | 1975.7 |
        Bailey |    738 |    738 |      0 |    245 |      3 |   1 |  738.0 |
               +--------+--------+--------+--------+--------+-----+--------+

Top non-repeatable levels by time:
  Lair:5: 2924 daAuts
  Lair:6: 2595 daAuts
     D:8: 2504 daAuts
    D:13: 2460 daAuts
  Lair:3: 2443 daAuts
    D:14: 2317 daAuts
     D:7: 2129 daAuts
    D:10: 1853 daAuts
  Lair:1: 1825 daAuts
     D:4: 1611 daAuts
     D:6: 1493 daAuts
    D:11: 1470 daAuts
     D:1: 1291 daAuts
     D:2: 1215 daAuts
  Lair:2: 1184 daAuts
